Map: Catallena LE (Void)

Players

PiLiPiLi - Winner!

  • Race: Protoss Protoss
  • League: Master
  • Spawn Location: 12:00

AntoineDess

  • Race: Protoss Protoss
  • League: Grandmaster
  • Spawn Location: 9:00

Event: HopeTL

VOD

https://www.youtube.com/watch?v=9bOc8rEuMS8&index=8&list=PL9QsjkBYtQM7NVZEDVfaNugqO61aBOlm6

Description

Time

  • Played on: Sept. 26, 2017, 8:10 p.m.
  • Length: 7:33
Show
View Real Time Build Order
Export as new Build Order

PiLiPiLi Protoss - Winner!

Build Orders: Oracle Opening 

Get SALT Encoding   

  12  0:01  Probe (Chrono Boost)  
  13  0:11  Probe (Chrono Boost)  
  14  0:18  Pylon  
  14  0:22  Probe (Chrono Boost)  
  15  0:36  Probe (Chrono Boost)  
  15  0:37  Gateway  
  15  0:42  Assimilator  
  16  0:47  Probe (Chrono Boost)  
  17  0:53  Assimilator  
  17  0:57  Probe (Chrono Boost)  
  18  1:08  Probe (Chrono Boost)  
  20  1:18  Probe (Chrono Boost)  
  20  1:24  Cybernetics Core  
  20  1:29  Pylon, Probe (Chrono Boost)  
  21  1:39  Probe (Chrono Boost)  
  22  1:50  Probe (Chrono Boost)  
  23  2:02  Adept  
  23  2:03  Warp Gate (Chrono Boost)  
  23  2:06  Stargate  
  25  2:14  Mothership Core  
  27  2:17  Pylon  
  27  2:35  Probe  
  28  2:47  Probe  
  28  2:49  Oracle (Chrono Boost)  
  32  2:56  Nexus  
  32  3:02  Pylon  
  32  3:07  Probe  
  33  3:19  Probe  
  32  3:21  Oracle (Chrono Boost)  
  35  3:31  Robotics Facility  
  35  3:43  Probe  
  36  3:55  Probe (Chrono Boost)  
  34  3:57  Gateway  
  34  3:58  Gateway  
  34  4:03  Sentry  
  34  4:06  Probe (Chrono Boost)  
  34  4:09  Probe (Chrono Boost)  
  38  4:17  Probe (Chrono Boost)  
  39  4:20  Probe (Chrono Boost)  
  40  4:25  Twilight Council  
  40  4:27  Probe (Chrono Boost)  
  41  4:31  Immortal (Chrono Boost)  
  41  4:33  Probe  
  46  4:38  Probe  
  46  4:42  Sentry  
  46  4:43  Probe  
  50  4:50  Probe  
  51  4:57  Gateway  
  51  5:02  Resonating Glaives (Chrono Boost), Gateway  
  51  5:03  Gateway  
  51  5:09  Gateway  
  51  5:12  Observer  
  52  5:25  Pylon  
  52  5:29  Warp Prism  
  54  5:36  Adept x3  
  60  5:49  Pylon  
  60  5:51  Pylon  
  60  5:52  Pylon x2  
  60  5:55  Pylon  
  60  5:57  Adept x3  
  62  6:00  Adept  
  68  6:24  Adept x5  
  68  6:25  Adept x2  
  82  6:45  Adept  
  82  6:46  Adept x4  
  86  6:58  Adept  
  86  6:59  Adept  
  80  7:12  Zealot, Stalker x2  
  80  7:13  Zealot x2  
  88  7:22  Forge  
Show
View Real Time Build Order
Export as new Build Order

AntoineDess Protoss 

Build Orders:  

Get SALT Encoding   

  12  0:01  Probe (Chrono Boost)  
  13  0:11  Probe (Chrono Boost)  
  14  0:19  Pylon  
  14  0:22  Probe (Chrono Boost)  
  15  0:37  Probe (Chrono Boost)  
  15  0:38  Gateway  
  15  0:42  Assimilator  
  16  0:48  Probe (Chrono Boost)  
  17  0:58  Probe (Chrono Boost)  
  17  0:59  Assimilator  
  18  1:09  Probe (Chrono Boost)  
  18  1:10  Gateway  
  19  1:19  Probe (Chrono Boost)  
  20  1:26  Cybernetics Core  
  20  1:30  Probe (Chrono Boost)  
  21  1:34  Pylon  
  21  1:40  Probe (Chrono Boost)  
  22  1:51  Probe (Chrono Boost)  
  23  2:04  Warp Gate (Chrono Boost), Mothership Core (Chrono Boost)  
  29  2:15  Nexus  
  27  2:25  Stalker (Chrono Boost)  
  27  2:31  Stalker (Chrono Boost)  
  29  2:38  Pylon  
  29  2:56  Stalker (Chrono Boost)  
  29  2:58  Stalker (Chrono Boost)  
  33  3:08  Robotics Facility  
  33  3:20  Probe  
  33  3:21  Pylon  
  33  3:25  Sentry (Chrono Boost)  
  36  3:27  Probe  
  36  3:32  Probe  
  38  3:38  Probe  
  38  3:49  Probe  
  38  3:50  Probe  
  38  3:55  Twilight Council  
  40  3:57  Observer  
  40  4:00  Probe (Chrono Boost)  
  40  4:02  Probe (Chrono Boost)  
  43  4:10  Pylon  
  43  4:12  Probe (Chrono Boost)  
  41  4:20  Probe (Chrono Boost)  
  41  4:21  Immortal  
  41  4:22  Probe (Chrono Boost)  
  47  4:26  Blink (Chrono Boost)  
  47  4:30  Probe (Chrono Boost)  
  48  4:31  Probe (Chrono Boost)  
  48  4:33  Phoenix  
  49  4:42  Probe x2  
  51  4:50  Sentry  
  53  4:53  Probe  
  53  4:54  Probe  
  53  4:55  Gateway  
  55  5:03  Probe  
  55  5:04  Observer  
  55  5:06  Probe  
  58  5:09  Assimilator  
  58  5:13  Assimilator  
  58  5:14  Probe  
  58  5:17  Pylon  
  58  5:18  Probe  
  60  5:24  Probe  
  61  5:30  Probe  
  61  5:31  Forge  
  62  5:36  Probe  
  62  5:37  Immortal (Chrono Boost)  
  62  5:42  Probe  
  68  5:48  Probe  
  69  6:01  Pylon, Nexus  
  69  6:12  Gateway  
  69  6:13  Gateway x2  
  69  6:14  Pylon  
  69  6:23  Photon Cannon  
  68  6:32  Stalker  
  68  6:47  Stalker x2  
  64  7:10  Stalker x3  
  68  7:21  Zealot  
  68  7:22  Zealot x2  
Tags
 
Add a new tag
Caveats
  • Supply blocks, unpowered buildings, or Contaminate may cause inaccurate times.
  • Supply counts are checked every 10 seconds.